Map: 시뮬레이크럼 - 래더

Players

Dark

  • Race: Zerg Zerg
  • Spawn Location: 5:00

Stats - Winner!

  • Race: Protoss Protoss
  • Spawn Location: 11:00

Event: IEM Katowice 2020

VOD

Have the link to the VOD?

Description

Time

  • Played on: Feb. 27, 2020, 8:34 a.m.
  • Length: 11:27

All games in this series

Show
View Real Time Build Order
Export as new Build Order

Dark Zerg 

Build Orders: Hatch First 

Get SALT Encoding   

  12  0:00  Drone  
  13  0:12  Overlord  
  13  0:17  Drone  
  14  0:30  Drone  
  14  0:31  Drone  
  16  0:48  Hatchery  
  15  0:50  Drone  
  15  0:54  Drone  
  17  1:00  Drone  
  18  1:08  Extractor  
  17  1:14  Spawning Pool  
  16  1:19  Drone  
  16  1:20  Drone  
  18  1:29  Drone  
  19  1:39  Drone  
  20  1:48  Hatchery  
  19  1:54  Drone  
  20  2:01  Queen  
  20  2:05  Zergling x2  
  23  2:11  Drone  
  24  2:18  Queen  
  26  2:23  Overlord  
  26  2:27  Drone  
  26  2:29  Drone  
  28  2:41  Queen  
  28  2:42  Drone x2  
  32  2:45  Drone  
  32  2:47  Drone  
  34  2:51  Metabolic Boost  
  34  2:56  Drone  
  34  2:58  Drone  
  36  3:03  Queen  
  38  3:08  Overlord  
  38  3:11  Drone  
  40  3:12  Drone  
  40  3:14  Drone  
  40  3:16  Drone  
  42  3:26  Zergling x4  
  44  3:28  Drone  
  44  3:30  Zergling x2, Spore Crawler  
  44  3:31  Spore Crawler  
  44  3:32  Drone  
  45  3:34  Drone  
  45  3:39  Drone x2  
  48  3:42  Drone  
  48  3:43  Drone  
  50  3:50  Overlord  
  50  3:52  Overlord  
  50  3:57  Evolution Chamber  
  49  4:03  Overlord  
  49  4:09  Drone, Queen  
  50  4:10  Drone x6  
  50  4:16  Overlord  
  58  4:23  Extractor, Drone x4, Zerg Melee Weapons Level 1  
  61  4:25  Drone  
  61  4:27  Drone x2  
  61  4:30  Spore Crawler  
  63  4:33  Drone x2  
  63  4:34  Drone  
  63  4:36  Drone  
  65  4:41  Baneling Nest  
  65  4:42  Zergling x4  
  65  4:43  Zergling x2  
  67  4:45  Zergling x2  
  67  4:48  Drone  
  67  4:49  Drone x2  
  70  4:53  Drone x3  
  73  5:00  Overlord  
  73  5:14  Hatchery, Overlord  
  73  5:15  Lair  
  73  5:18  Overlord  
  73  5:19  Drone  
  73  5:20  Drone x4  
  77  5:24  Zergling x10  
  77  5:26  Overlord  
  82  5:31  Extractor  
  82  5:32  Extractor x2  
  82  5:34  Drone x4  
  83  5:37  Overlord  
  81  5:44  Drone x3  
  81  5:49  Drone x2  
  84  5:55  Hatchery  
  83  5:57  Drone x2  
  83  5:58  Drone x2  
  83  6:01  Baneling x6  
  87  6:07  Drone  
  87  6:09  Overlord  
  88  6:17  Drone x4  
  88  6:18  Hydralisk Den  
  87  6:23  Drone  
  87  6:24  Drone  
  87  6:25  Drone x2, Zerg Melee Weapons Level 2, Centrifical Hooks  
  88  6:33  Spore Crawler, Drone x2  
  88  6:34  Drone x2, Overlord  
  91  6:46  Hydralisk  
  91  6:47  Hydralisk x5  
  91  6:50  Spine Crawler  
  91  6:52  Zergling x2  
  91  6:53  Zergling x14  
  110  6:55  Grooved Spines  
  110  6:57  Hydralisk  
  111  7:02  Hydralisk  
  111  7:03  Overlord  
  111  7:04  Zergling x2  
  112  7:12  Zergling x12  
  112  7:14  Zergling x2  
  119  7:17  Overlord  
  119  7:20  Hydralisk x3  
  119  7:22  Zergling x16  
  132  7:23  Baneling x3  
  132  7:24  Baneling  
  132  7:25  Baneling x3  
  132  7:29  Hydralisk  
  134  7:31  Zergling x4  
  135  7:40  Zergling x2  
  135  7:41  Zergling x12  
  135  7:42  Hydralisk  
  144  7:50  Hydralisk x2  
  148  7:53  Overlord x2  
  148  7:57  Overlord  
  148  7:58  Overlord  
  148  8:02  Overlord  
  148  8:04  Hydralisk x2  
  151  8:06  Muscular Augments  
  151  8:07  Zergling x14  
  151  8:08  Overseer  
  151  8:09  Overlord  
  154  8:13  Hydralisk  
  154  8:14  Hydralisk x2  
  154  8:16  Hydralisk  
  154  8:18  Zergling x4  
  165  8:20  Zergling x6  
  165  8:23  Zergling x6  
  165  8:24  Baneling x2  
  165  8:25  Baneling x2  
  170  8:27  Zergling x6  
  170  8:31  Zergling x6  
  176  8:36  Zergling x8  
  176  8:37  Zergling x4  
  176  8:40  Zergling x2  
  176  8:41  Zergling x6  
  186  8:46  Zergling x12  
  186  8:47  Baneling x3  
  186  8:48  Baneling x2  
  192  8:49  Baneling x2  
  192  8:52  Baneling x6  
  191  8:56  Zergling x8  
  194  9:06  Hydralisk x2  
  194  9:07  Baneling x8  
  194  9:09  Zergling x12  
  187  9:10  Hydralisk  
  187  9:14  Drone  
  187  9:15  Drone x3  
  193  9:18  Baneling x3  
  193  9:19  Baneling x2  
  193  9:21  Zergling x8  
  197  9:24  Zergling x2  
  197  9:25  Zergling x4  
  197  9:27  Baneling x4  
  200  9:38  Baneling x5  
  187  9:40  Hydralisk  
  187  9:42  Zergling x18  
  187  9:44  Hydralisk  
  156  9:46  Zergling x2  
  156  9:51  Hydralisk x2  
  138  9:55  Zergling x10  
  138  9:59  Zergling x6  
  137  10:06  Hydralisk x2  
  141  10:08  Zergling x2, Baneling x2  
  141  10:09  Baneling  
  141  10:11  Baneling  
  141  10:12  Zergling x4, Hatchery  
  141  10:13  Zergling x2  
  143  10:15  Zergling x8  
  143  10:21  Drone x6  
  151  10:22  Drone  
  151  10:25  Drone x2  
  151  10:26  Drone  
  157  10:30  Drone  
  157  10:33  Extractor x2  
  156  10:37  Evolution Chamber, Hydralisk x2  
  156  10:38  Infestation Pit  
  156  10:40  Zergling x14  
  156  10:41  Baneling x2  
  165  10:44  Baneling x5  
  165  10:46  Baneling x2  
  165  10:47  Zergling x2  
  165  10:48  Zergling x4  
  160  11:03  Hydralisk  
  149  11:06  Zergling x10  
  149  11:08  Baneling x4  
Show
View Real Time Build Order
Export as new Build Order

Stats Protoss - Winner!

Build Orders: 1 Gate Expand, Oracle Opening, Archon Immortal 

Get SALT Encoding   

  12  0:00  Probe  
  13  0:13  Probe  
  14  0:20  Pylon  
  14  0:25  Probe  
  15  0:38  Probe (Chrono Boost), Gateway  
  16  0:47  Probe (Chrono Boost), Assimilator  
  17  0:52  Probe  
  18  1:04  Probe  
  19  1:17  Probe  
  20  1:24  Nexus  
  20  1:35  Cybernetics Core  
  20  1:37  Probe  
  21  1:44  Assimilator  
  21  1:52  Probe  
  21  1:53  Pylon  
  22  2:05  Probe (Chrono Boost)  
  23  2:09  Adept (Chrono Boost)  
  23  2:14  Probe (Chrono Boost)  
  26  2:17  Stargate  
  26  2:19  Probe (Chrono Boost)  
  27  2:27  Warp Gate  
  27  2:32  Adept  
  27  2:34  Probe (Chrono Boost)  
  31  2:37  Probe (Chrono Boost)  
  32  2:46  Probe (Chrono Boost)  
  32  2:47  Probe (Chrono Boost)  
  33  2:51  Probe (Chrono Boost)  
  33  2:55  Probe  
  35  3:02  Stalker  
  35  3:03  Probe  
  38  3:07  Probe  
  38  3:08  Pylon  
  38  3:10  Oracle (Chrono Boost)  
  42  3:15  Probe  
  42  3:19  Probe  
  44  3:21  Gateway  
  44  3:27  Probe  
  44  3:31  Probe, Assimilator  
  44  3:33  Assimilator  
  46  3:39  Probe, Oracle (Chrono Boost)  
  50  3:43  Probe  
  50  3:46  Pylon  
  51  3:49  Pylon  
  51  3:54  Probe  
  52  3:56  Probe  
  53  4:06  Probe  
  53  4:08  Probe  
  55  4:10  Oracle (Chrono Boost)  
  55  4:13  Robotics Facility  
  58  4:18  Probe  
  58  4:19  Adept x2  
  58  4:20  Probe  
  64  4:24  Pylon  
  64  4:36  Nexus  
  64  4:37  Probe  
  65  4:38  Probe  
  65  4:44  Sentry x2  
  70  4:46  Shield Battery  
  70  4:49  Probe  
  70  4:50  Probe  
  72  4:57  Forge  
  72  5:00  Twilight Council  
  72  5:03  Observer  
  72  5:07  Probe x2, Sentry  
  75  5:11  Pylon  
  75  5:13  Pylon  
  77  5:16  Protoss Ground Weapons Level 1  
  77  5:19  Probe  
  78  5:24  Pylon  
  78  5:29  Probe (Chrono Boost)  
  78  5:31  Probe (Chrono Boost)  
  80  5:37  Charge  
  80  5:42  Probe (Chrono Boost)  
  82  5:43  Probe (Chrono Boost)  
  82  5:48  Probe (Chrono Boost)  
  82  5:49  Probe (Chrono Boost)  
  84  5:50  Probe (Chrono Boost)  
  84  5:51  Assimilator  
  84  5:53  Assimilator  
  84  5:55  Gateway x2  
  86  5:57  Templar Archives  
  86  6:00  Probe x2 (Chrono Boost)  
  86  6:01  Probe (Chrono Boost)  
  88  6:05  Probe (Chrono Boost)  
  88  6:08  Probe  
  88  6:09  Probe, Gateway  
  88  6:10  Gateway  
  91  6:18  Sentry, Zealot  
  95  6:22  Probe  
  95  6:23  Probe x2, Gateway  
  95  6:25  Gateway  
  95  6:26  Pylon  
  95  6:38  Pylon  
  95  6:40  Warp Prism (Chrono Boost)  
  95  6:42  High Templar  
  95  6:43  High Templar  
  95  6:44  Psionic Storm  
  101  6:49  Pylon  
  101  6:51  High Templar x2  
  101  6:52  Archon  
  101  6:53  Pylon  
  105  6:57  Pylon  
  105  6:58  Archon  
  105  7:00  Photon Cannon  
  105  7:06  Immortal (Chrono Boost)  
  105  7:15  Zealot  
  111  7:17  Zealot x3  
  117  7:32  Nexus  
  117  7:34  Pylon  
  117  7:36  High Templar x2  
  117  7:37  High Templar x2, Immortal (Chrono Boost), Pylon, Zealot x4  
  123  7:44  Protoss Ground Weapons Level 2 (Chrono Boost)  
  137  7:57  Pylon  
  137  7:59  Pylon  
  137  8:06  Immortal (Chrono Boost)  
  137  8:12  Photon Cannon  
  141  8:18  High Templar x2  
  145  8:20  Photon Cannon  
  145  8:22  Archon, Photon Cannon  
  145  8:29  Probe, Shield Battery  
  145  8:30  Probe x2  
  145  8:31  Zealot x4  
  145  8:32  Zealot x2, Shield Battery  
  160  8:41  Immortal (Chrono Boost)  
  163  8:46  Probe x4  
  167  8:58  Probe x3  
  167  8:59  Probe  
  167  9:01  Assimilator  
  161  9:03  Assimilator  
  161  9:05  High Templar x4  
  157  9:12  Archon, Zealot x4  
  157  9:13  Archon  
  165  9:19  Probe x2  
  165  9:20  Probe x2  
  165  9:23  Blink (Chrono Boost)  
  169  9:24  Gateway  
  169  9:25  Gateway  
  169  9:28  Gateway, Observer  
  169  9:29  Gateway  
  168  9:38  Zealot x4  
  172  9:43  Zealot x2  
  160  9:45  Zealot x2  
  160  9:50  Archon  
  152  9:54  Archon  
  152  9:59  High Templar x4  
  146  10:02  Assimilator  
  146  10:04  Pylon  
  146  10:12  Nexus, Zealot x4  
  154  10:25  Photon Cannon  
  154  10:28  Pylon, Photon Cannon  
  154  10:31  High Templar x4  
  154  10:34  Zealot x2  
  154  10:35  Archon, Zealot x6  
  178  10:36  Archon  
  164  10:59  Zealot x8  
  161  11:05  Zealot x4  
  165  11:17  Archon  
  165  11:18  Archon  
  153  11:20  Zealot x8  

Tags
 
Add a new tag
Caveats
  • Supply blocks, unpowered buildings, or Contaminate may cause inaccurate times.
  • Supply counts are checked every 10 seconds.